 Dungeon Crawl Stone Soup version 0.29.1-2-gbd0b4ee654 (webtiles) character file.

Game seed: 15050217362758964225

2630 Ihaveafatcat the Cleaver (level 9, 0/65 (80) HPs)
             Began as a Hill Orc Fighter on Nov 21, 2022.
             Slain by an orc warrior
             ... wielding a +0 halberd of electrocution
              (13 damage)
             ... in a bailey.
             The game lasted 00:14:58 (9399 turns).

Ihaveafatcat the Cleaver (Hill Orc Fighter)         Turns: 9399, Time: 00:14:58

HP:   0/65 (80)     AC:  9    Str: 23    XL:     9   Next: 61%
MP:   9/9           EV: 10    Int: 11    God:
Gold: 264           SH:  4    Dex: 10    Spells: 8/8 levels left

rFire   . . .      SeeInvis .   a - +1 war axe
rCold   . . .      Faith    .   c - +0 buckler
rNeg    . . .      Spirit   .   b - +0 scale mail
rPois   .          Reflect  .   j - +0 helmet of Guodgh {Int+3 Slay+3}
rElec   .          Harm     .   (no cloak)
rCorr   .          Rampage  .   (no gloves)
Will    .....                   (no boots)
Stlth   ..........              (no amulet)
HPRegen 0.20/turn               (no ring)
MPRegen 0.11/turn               (no ring)

@: hasted, heavily drained, very quick
A: no striking features
a: no special abilities


You were in a bailey.
You visited 2 branches of the dungeon, and saw 8 of its levels.
You also visited: Bailey.

You collected 463 gold pieces.
You spent 199 gold pieces at shops.

Inventory:

Hand Weapons
 a - a +1 war axe (weapon)
Missiles
 n - 2 throwing nets (quivered)
Armour
 b - a +0 scale mail (worn)
 c - a +0 buckler (worn)
 j - the +0 helmet of Guodgh (worn) {Int+3 Slay+3}
   (You bought it in a shop on level 5 of the Dungeon)

   Int:       It affects your intelligence (+3).
   Slay:      It affects your accuracy & damage with ranged weapons and melee
   (+3).
Jewellery
 i - a +4 ring of evasion
Wands
 k - a wand of digging (8)
 p - a wand of flame (5)
 u - a wand of light (3)
Scrolls
 g - 2 scrolls of magic mapping
 l - a scroll of blinking
 o - a scroll of identify
 q - a scroll of poison {unknown}
 r - 2 scrolls of amnesia {unknown}
Potions
 d - 2 potions of magic {unknown}
 e - a potion of resistance {unknown}
 f - 2 potions of curing
 h - 2 potions of lignification
 m - 2 potions of brilliance {unknown}
 s - a potion of flight {unknown}


   Skills:
 + Level 7.6 Fighting
 + Level 11.1 Axes
 + Level 7.6 Armour
 + Level 1.9 Dodging
 + Level 1.8 Stealth
 + Level 4.8 Shields


You had 8 spell levels left.
You didn't know any spells.
Your spell library contained the following spells:

 Spells                   Type           Power      Damage    Failure   Level
 Apportation              Tloc           0%         N/A       71%         1
 Necrotise                Necr           0%         1d4       71%         1
 Summon Small Mammal      Summ           0%         N/A       71%         1
 Poisonous Vapours        Pois/Air       0%         N/A       83%         2
 Scorch                   Fire           0%         2d5       83%         2
 Corpse Rot               Necr/Pois/Air  0%         N/A       100%        4
 Flame Wave               Conj/Fire      0%         2d4       100%        4
 Summon Cactus Giant      Summ           0%         N/A       100%        6


Dungeon Overview and Level Annotations

Branches:
Dungeon (7/15)             Temple (1/1) D:6          Bailey (1/1)

Altars:
Cheibriados
Dithmenos
Elyvilon
Hepliaklqana
Kikubaaqudgha
Makhleb
Nemelex Xobeh
Okawaru
Qazlal
Ru
Trog
Uskayaw
Wu Jian
Yredelemnul
Zin

Shops:
D:5 (*[:(


Message History

You are too injured to fight recklessly!
You are too injured to fight recklessly!
You are too injured to fight recklessly!
You feel better.
The orc warrior hits you but does no damage.
The gnoll hits you but does no damage.
You feel drained.
You are too injured to fight recklessly!
You are too injured to fight recklessly!
You are too injured to fight recklessly!
You are too injured to fight recklessly!
The orc warrior attacks as you move away!
The orc warrior hits you but does no damage.
The orc warrior closely misses you.
Things that are here:
a +1 halberd of electrocution; 6 potions of haste; a gnoll corpse You are too injured to fight recklessly!
You feel yourself speed up. You block the orc warrior's attack.
You are too injured to fight recklessly!
The orc warrior hits you with a +0 halberd of electrocution!
* * * LOW HITPOINT WARNING * * *
The gnoll barely misses you.
Things that are here:
a +1 halberd of electrocution; 6 potions of haste; a gnoll corpse You are too injured to fight recklessly!
You slash the orc warrior!
The orc warrior is almost dead.
The orc warrior closely misses you. The gnoll barely misses you.
You are too injured to fight recklessly!
You closely miss the orc warrior.
The orc warrior is almost dead.
The orc warrior hits you with a +0 halberd of electrocution.
* * * LOW HITPOINT WARNING * * *
The gnoll hits you from afar with a +1 halberd of draining!
* * * LOW HITPOINT WARNING * * *
You feel drained.
You feel better.
You closely miss the orc warrior.
The orc warrior is almost dead.
The orc warrior hits you with a +0 halberd of electrocution!
You die...

#)###.###)#)##
##.# ### ###
##### ### #'#
#g#.# #.###)#
+# #'##'##)##
#...))##
###...))###
#.'..⌠..).#
###.....###
##go@..#
#'##'##'#
#.'.###.# #.#
#### ### ##


You could see an orc warrior and a gnoll.

Vanquished Creatures
  Prince Ribbit (D:6)
  Menkaure (D:4)
  Edmund (D:6)
  A water moccasin (D:5)
  Duvessa (D:6)
  2 ice beasts
  A sky beast (D:6)
  5 ogres
  A centaur (D:5)
  5 phantoms
  2 scorpions (D:5)
  Dowan (D:6)
  4 howler monkeys
  2 jellies
  3 hounds (D:5)
  2 orc priests (D:5)
  Crazy Yiuf (D:6)
  3 iguanas
  8 gnolls
  3 adders
  A shadow imp (D:5)
  3 ufetubi
  A worm (D:3)
  A dart slug (D:2)
  22 orcs
  5 bats
  10 endoplasms
  2 goblins (D:1)
  7 hobgoblins
  2 jackals (D:4)
  3 quokkas (D:5)
  2 ball pythons
  2 frilled lizards
  4 kobolds
  6 rats
119 creatures vanquished.

Vanquished Creatures (others)
  4 plants (D:5)
4 creatures vanquished.

Grand Total: 123 creatures vanquished

Notes
Turn   | Place    | Note
-------+----------+-------------------------------------------
     0 | D:1      | Ihaveafatcat the Hill Orc Fighter began the quest for the
                  | Orb.
     0 | D:1      | Reached XP level 1. HP: 19/19 MP: 1/1
   143 | D:1      | Reached XP level 2. HP: 27/27 MP: 2/2
   283 | D:1      | Reached skill level 3 in Axes
   784 | D:2      | Reached XP level 3. HP: 33/33 MP: 3/3
  1566 | D:3      | Found an iron altar of Okawaru.
  1633 | D:3      | Found a burning altar of Makhleb.
  1633 | D:3      | Noticed a blizzard demon
  1636 | D:3      | Noticed a hellwing
  1636 | D:3      | Noticed an orange demon
  1835 | D:3      | Reached skill level 4 in Axes
  1835 | D:3      | Reached XP level 4. HP: 7/41 MP: 4/4
  2294 | D:3      | Found a sacrificial altar of Ru.
  2294 | D:3      | Found a hide-covered altar of Uskayaw.
  2294 | D:3      | Found a sparkling altar of Nemelex Xobeh.
  2295 | D:3      | Found a stormy altar of Qazlal.
  2577 | D:3      | Found a faded altar of an unknown god.
  2631 | D:3      | Identified the +4 short sword "Vuraz" {spect, +Blink rC-
                  | rN+ Str+6}
  2938 | D:4      | Noticed an ogre
  2944 | D:4      | Killed an ogre
  2945 | D:4      | Reached skill level 5 in Axes
  2945 | D:4      | Reached XP level 5. HP: 6/47 MP: 5/5
  3256 | D:4      | Noticed a phantom
  3261 | D:4      | Killed a phantom
  3262 | D:4      | Reached XP level 6. HP: 47/53 MP: 6/6
  3456 | D:4      | Reached skill level 6 in Axes
  3594 | D:4      | Noticed Menkaure
  3599 | D:4      | Reached skill level 5 in Fighting
  3599 | D:4      | Reached skill level 5 in Armour
  3599 | D:4      | Reached XP level 7. HP: 61/61 MP: 7/7
  3604 | D:4      | Killed Menkaure
  3605 | D:4      | Reached skill level 1 in Stealth
  3919 | D:4      | Reached skill level 7 in Axes
  4304 | D:5      | Entered Level 5 of the Dungeon
  4362 | D:5      | HP: 3/61 [ogre/+0 giant spiked club (26)]
  4366 | D:5      | Reached skill level 1 in Dodging
  4668 | D:5      | Found Ocos's Assorted Antiques.
  4793 | D:5      | Bought a scroll labelled VILEON RUMOLELL for 28 gold pieces
  4796 | D:5      | Found a shadowy altar of Dithmenos.
  4806 | D:5      | Reached skill level 8 in Axes
  4806 | D:5      | Reached XP level 8. HP: 38/70 MP: 8/8
  5580 | D:5      | Found Gastag's Antique Armour Boutique.
  5588 | D:5      | Bought a twisted helmet for 171 gold pieces
  5588 | D:5      | Identified the +0 helmet of Guodgh {Int+3 Slay+3} (You
                  | bought it in a shop on level 5 of the Dungeon)
  5601 | D:5      | Found a bloodstained altar of Trog.
  5641 | D:5      | Found Botiecem's Book Emporium.
  5783 | D:5      | Reached skill level 9 in Axes
  6113 | D:5      | Found Yrid Orch's Antique Weapon Shop.
  6279 | D:5      | Found Ukeojo's Antique Weapon Shoppe.
  6459 | D:6      | Found a staircase to the Ecumenical Temple.
  6472 | D:6      | Reached XP level 9. HP: 75/78 MP: 9/9
  6479 | Temple   | Entered the Ecumenical Temple
  7121 | D:6      | Reached skill level 10 in Axes
  7478 | D:6      | Noticed Duvessa
  7485 | D:6      | Noticed Edmund
  7486 | D:6      | Noticed Dowan
  7487 | D:6      | Killed Duvessa
  7496 | D:6      | Killed Dowan
  7503 | D:6      | Killed Edmund
  8106 | D:6      | Noticed Prince Ribbit
  8121 | D:6      | Killed Prince Ribbit
  8207 | D:6      | Found a runed translucent door.
  8208 | D:6      | Noticed Crazy Yiuf
  8407 | D:6      | Killed Crazy Yiuf
  8524 | D:7      | Reached skill level 11 in Axes
  8610 | D:7      | Found a flagged portal.
  8621 | Bailey   | Entered a bailey
  8744 | Bailey   | HP: 2/77 [gnoll/+0 halberd of electrocution (19)]
  9399 | Bailey   | Slain by an orc warrior

Illustrated notes

Levels and vault maps discovered:
D:1:      psy_arrival_fountain, layout_rooms, kennysheep_nondescript
D:2:      layout_rooms
D:3:      wad_pebble_path, layout_basic, okawaru_gym_becter,
          makhleb_altar_promises_db, minitemple,
          dilly_ecumenical_altar_fadedgnrine
D:4:      wander_river, layout_loops_ring, hangedman_abyss_or_decor_lesser_grid,
          uniq_menkaure
D:5:      layout_loops_ring, trog_butcher_becter,
          nicolae_dithmenos_the_darkroom, serial_shops, nicolae_take_the_stairs,
          shop_fountains, shop, shop, nicolae_shop_overgrown_old_shop
D:6:      layout_loops_ring, minmay_temple_entry_statues_pillars, uniq_duvessa,
          uniq_crazy_yiuf_cottage, uniq_edmund, uniq_prince_ribbit1
D:7:      minmay_klotski, layout_gridville, marbit_many_paths,
          mainiacjoe_overflow_24_doors, enter_bailey_2
Temple:   hellmonk_temple_beads
Bailey:   bailey_polearm_nasty_gnolls, bailey

Skill      XL: |  1  2  3  4  5  6  7  8  9 |
---------------+----------------------------+-----
Fighting       | 4 5 6 7 |  7.6
Axes           | 3 4 5 6 8 9 11 | 11.1
Armour         | 4 5 6 7 |  7.6
Stealth        | 1 |  1.8
Shields        | 4 |  4.8
Dodging        | 1 |  1.9

Action                   |  1- 3 |  4- 6 |  7- 9 || total
-------------------------+-------+-------+-------++-------
Melee: War axe           |    98 |    39 |   257 ||   394
  Use: Potion            |     1 |     2 |     8 ||    11
       Scroll            |       |     5 |     3 ||     8
Armor: Scale mail        |    46 |    11 |   115 ||   172
Dodge: Dodged            |    38 |    16 |   127 ||   181
Block: Buckler           |    34 |     6 |    53 ||    93
